 Dungeon Crawl Stone Soup version 0.31.0-12-g77e489cdc1 (webtiles) character file.

Game seed: 7760885297504327962

658 James the Skirmisher (level 7, 0/40 HPs)
             Began as a Deep Elf Hunter on Feb 13, 2024.
             Was an Initiate of Fedhas.
             Slain by an orc
             ... wielding a +2 short sword of speed
              (3 damage)
             ... on level 5 of the Dungeon.
             The game lasted 00:15:28 (4139 turns).

James the Skirmisher (Deep Elf Hunter)              Turns: 4139, Time: 00:15:28

Health: 0/40       AC:  3    Str:  8    XL:     7   Next: 30%
Magic:  9/9        EV: 18    Int: 14    God:    Fedhas [......]
Gold:   130        SH:  0    Dex: 20    Spells: 6/6 levels left

rFire   + . .        a - +1 longbow
rCold   + . .        (shield currently unavailable)
rNeg    . . .        w - +0 robe
rPois   .            I - +0 helmet
rElec   .            P - scarf {rC+ rF+}
rCorr   .            (no gloves)
SInv    .            (no boots)
Will    .....        (no amulet)
Stlth   +++          o - +5 ring of evasion
HPRegen 0.26/turn    (no ring)
MPRegen 0.11/turn

%: no passive effects
@: no status effects
A: no striking features
a: Renounce Religion


You were on level 5 of the Dungeon.
You worshipped Fedhas.
Fedhas was noncommittal.
You visited 2 branches of the dungeon, and saw 6 of its levels.

You collected 130 gold pieces.

Inventory:

Hand Weapons
 a - a +1 longbow (weapon)
   (You found it on level 2 of the Dungeon)
 b - a +2 dagger of venom
   (You took it off Ijyb on level 3 of the Dungeon)
 s - a +0 spear
   (You took it off a gnoll on level 2 of the Dungeon)
 x - a +0 shortbow
 B - a +0 dagger of electrocution
   (You took it off a goblin on level 3 of the Dungeon)
 J - a +0 falchion of electrocution
   (You took it off Robin on level 3 of the Dungeon)
 K - a +2 short sword of holy wrath
   (You took it off a kobold on level 3 of the Dungeon)
 N - a +1 dagger of venom
   (You took it off a kobold on level 1 of the Dungeon)
 R - a +0 rapier
   (You found it on level 4 of the Dungeon)
Missiles
 p - 2 throwing nets {!f}
 A - 3 poisoned darts
Armour
 c - a +0 leather armour
 h - a +0 plate armour
   (You found it on level 1 of the Dungeon)
 i - a +0 ring mail
   (You found it on level 1 of the Dungeon)
 j - a +0 scale mail
   (You found it on level 1 of the Dungeon)
 m - a +0 leather armour
   (You took it off a gnoll bouda on level 4 of the Dungeon)
 q - a +0 ring mail
   (You found it on level 2 of the Dungeon)
 u - a +0 scale mail
   (You found it on level 2 of the Dungeon)
 v - a +0 cloak
   (You found it on level 4 of the Dungeon)
 w - a +0 robe (worn)
   (You found it on level 2 of the Dungeon)
 y - a +3 ring mail
   (You took it off an orc on level 2 of the Dungeon)
 z - a +0 scale mail
   (You found it on level 3 of the Dungeon)
 C - a +0 ring mail
   (You took it off an orc on level 3 of the Dungeon)
 E - a +0 robe
   (You found it on level 4 of the Dungeon)
 G - a +0 ring mail
   (You found it on level 4 of the Dungeon)
 H - a +0 animal skin
   (You took it off Robin on level 3 of the Dungeon)
 I - a +0 helmet (worn)
   (You took it off Robin on level 3 of the Dungeon)
 L - a +0 scale mail
   (You took it off Ijyb on level 3 of the Dungeon)
 O - a +0 scale mail
   (You took it off Terence on level 3 of the Dungeon)
 P - a scarf of resistance (worn)
   (You found it on level 3 of the Dungeon)
 Q - a +0 leather armour
   (You found it on level 3 of the Dungeon)
Jewellery
 o - a +5 ring of evasion (left hand)
   (You found it on level 2 of the Dungeon)
 D - a ring of fire
   (You took it off a goblin on level 3 of the Dungeon)
Wands
 d - a wand of roots (5)
   (You found it on level 4 of the Dungeon)
 t - a wand of flame (27)
   (You took it off Ijyb on level 3 of the Dungeon)
Scrolls
 g - a scroll of butterflies
 l - 3 scrolls of teleportation {@r4}
 F - a scroll of immolation {unknown}
Potions
 e - 4 potions of heal wounds {@q2}
 f - a potion of mutation {unknown}
 k - 2 potions of curing {@q1}
 n - 5 potions of brilliance
 r - a potion of haste {@q3}
 M - 4 potions of enlightenment
 S - a potion of might {unknown}


   Skills:
 - Level 2.0 Fighting
 * Level 10.9 Ranged Weapons
 - Level 3.0 Dodging
 + Level 3.1 Stealth


You had 6 spell levels left.
You didn't know any spells.
Your spell library contained the following spells:

 Spells                   Type           Power      Damage    Failure   Level
 Call Imp                 Summ           0%         N/A       41%         2
 Sublimation of Blood     Necr           0%         N/A       41%         2
 Tukima's Dance           Hex            0%         N/A       65%         3
 Passage of Golubria      Tloc           0%         N/A       96%         4
 Yara's Violent Unravell  Hex/Alch       0%         3d3       100%        5
 Summon Hydra             Summ           0%         N/A       100%        7


Dungeon Overview and Level Annotations

Branches:
Dungeon (5/15)             Temple (1/1) D:4

Altars:
Ashenzari
Cheibriados
Dithmenos
Elyvilon
Fedhas
Hepliaklqana
Makhleb
Qazlal
Ru
Sif Muna
Trog
Uskayaw
Yredelemnul
Zin


Message History

The ufetubus hits you. The orc hits you but does no damage.
The ufetubus misses you. The ufetubus hits you.
You shoot an arrow. The arrow barely misses the ufetubus.
The ufetubus misses you. x2; The orc misses you.
The orc hits you with a +2 short sword of speed.
The ufetubus completely misses you. The ufetubus hits you.
* * * LOW HITPOINT WARNING * * *
Fire: a) +1 longbow
Press: ? - help, Q - select action, (/) - cycle Shift-Dir - straight line, f - orc, p - ufetubus
Aim: an orc, wielding a +2 short sword of speed and wearing a +0 ring mail (70% to hit)
You shoot an arrow. The arrow barely misses the orc.
The ufetubus closely misses you. The ufetubus misses you.
The orc barely misses you.
The orc hits you with a +2 short sword of speed.
* * * LOW HITPOINT WARNING * * *
Fire: a) +1 longbow
Press: ? - help, Q - select action, (/) - cycle Shift-Dir - straight line, f/p - orc
Aim: an orc, wielding a +2 short sword of speed and wearing a +0 ring mail (70% to hit)
You shoot an arrow. The arrow barely misses the orc.
The ufetubus misses you. x2; The ufetubus closely misses you. x2
The orc barely misses you.
The orc hits you with a +2 short sword of speed.
* * * LOW HITPOINT WARNING * * *
Fire: a) +1 longbow
Press: ? - help, Q - select action, (/) - cycle Shift-Dir - straight line, f/p - orc
Aim: an orc, wielding a +2 short sword of speed and wearing a +0 ring mail (70% to hit)
You shoot an arrow. The arrow hits the orc.
The ufetubus misses you. x2
The orc hits you with a +2 short sword of speed.
* * * LOW HITPOINT WARNING * * *
The ufetubus misses you. The ufetubus hits you.
* * * LOW HITPOINT WARNING * * *
Fire: a) +1 longbow
Press: ? - help, Q - select action, (/) - cycle Shift-Dir - straight line, f/p - orc
Aim: an orc, wielding a +2 short sword of speed and wearing a +0 ring mail (heavily wounded, 70% to hit)
You shoot an arrow. The arrow completely misses the orc.
The ufetubus closely misses you. The ufetubus barely misses you.
The orc hits you with a +2 short sword of speed.
* * * LOW HITPOINT WARNING * * *
The orc misses you. The ufetubus barely misses you.
The ufetubus closely misses you.
Fire: a) +1 longbow
Press: ? - help, Q - select action, (/) - cycle Shift-Dir - straight line, f/p - orc
Aim: an orc, wielding a +2 short sword of speed and wearing a +0 ring mail (heavily wounded, 70% to hit)
You shoot an arrow. The arrow closely misses the orc.
The ufetubus misses you. The ufetubus hits you.
* * * LOW HITPOINT WARNING * * *
The orc hits you with a +2 short sword of speed.
You die...
Fedhas appreciates your contribution to the ecosystem.

#..$... #......
#..♣P.. ...♣P.
# #...P .##
#....##..##
#.o.....##
#@###..##
##.5.....#
######......#.#
#..........<...
#..###.........
##..........###
###..#.....#
#..#<....#
####.....#


You could see an ufetubus and an orc.

Vanquished Creatures
  An ogre (D:4)
  A phantom (D:2)
  A scorpion (D:4)
  An orc priest (D:3)
  A gnoll bouda (D:4)
  An iguana (D:5)
  Terence (D:3)
  Ijyb (D:3)
  Robin (D:3)
  12 gnolls
  6 adders
  A shadow imp (D:5)
  An ufetubus (D:5)
  4 dart slugs
  3 ribbon worms
  4 orcs
  5 endoplasms
  6 giant cockroaches
  22 goblins
  6 hobgoblins
  5 quokkas
  3 ball pythons
  5 bats
  8 frilled lizards
  10 kobolds
  4 rats
114 creatures vanquished.

Notes
Turn   | Place    | Note
-------+----------+-------------------------------------------
     0 | D:1      | James the Deep Elf Hunter began the quest for the Orb.
     0 | D:1      | Reached XP level 1. HP: 12/12 MP: 3/3
   121 | D:1      | Reached skill level 6 in Ranged Weapons
   121 | D:1      | Reached XP level 2. HP: 16/16 MP: 4/4
   533 | D:1      | Reached XP level 3. HP: 20/20 MP: 5/5
   592 | D:2      | Found a snail-covered altar of Cheibriados.
   677 | D:2      | Reached skill level 7 in Ranged Weapons
   890 | D:2      | Reached XP level 4. HP: 25/25 MP: 6/6
  1075 | D:2      | Found a faded altar of an unknown god.
  1175 | D:2      | Reached skill level 8 in Ranged Weapons
  1916 | D:3      | Reached XP level 5. HP: 29/29 MP: 7/7
  2087 | D:3      | Noticed a phantom
  2100 | D:3      | Noticed Robin
  2103 | D:2      | Killed a phantom
  2104 | D:2      | Reached skill level 9 in Ranged Weapons
  2287 | D:3      | Reached XP level 6. HP: 34/34 MP: 8/8
  2444 | D:3      | Killed Robin
  2624 | D:3      | Noticed Ijyb
  2644 | D:3      | Killed Ijyb
  2645 | D:3      | Reached skill level 10 in Ranged Weapons
  2650 | D:3      | Noticed Terence
  2651 | D:3      | Killed Terence
  3478 | D:4      | Found a staircase to the Ecumenical Temple.
  3487 | Temple   | Entered the Ecumenical Temple
  3496 | Temple   | Became a worshipper of Fedhas Madash
  3745 | D:4      | Reached XP level 7. HP: 39/39 MP: 9/9
  4101 | D:5      | Entered Level 5 of the Dungeon
  4139 | D:5      | Slain by an orc

Illustrated notes

Levels and vault maps discovered:
D:1:      psy_arrival_heroes, layout_basic
D:2:      minmay_chambers_of_ones, layout_basic, basic_altar,
          shapermc_ecumenical_altar_venn, grunt_decor_one_mirror
D:3:      layout_basic, serial_aquarium, aquarium_bridge_long_joined
          [aquarium_subvault_bridge, aquarium_subvault_bridge,
          aquarium_subvault_wall, aquarium_subvault_wall,
          aquarium_subvault_bridge, aquarium_subvault_bridge],
          aquarium_bridge_square [aquarium_subvault_wall,
          aquarium_subvault_bridge, aquarium_subvault_wall,
          aquarium_subvault_bridge], aquarium_window_2, aquarium_window_1,
          aquarium_window_corner, aquarium_window_fake, aquarium_view_2d,
          amcnicky_mini_corridor_feature, grunt_ministairs_13, uniq_ijyb,
          uniq_terence, uniq_robin
D:4:      layout_loops_corners, minmay_temple_entry_sparse_star
D:5:      layout_rooms, serial_demonic, serial_demonic_b, serial_demonic_c,
          serial_demonic_e, serial_demonic_d, dk_rats_in_the_wall
Temple:   nicolae_temple_bog_church

Skill      XL: |  1  2  3  4  5  6  7 |
---------------+----------------------+-----
Ranged Weapons | 6 7 8 9 10 | 10.9
Dodging        | 3 |  3.0
Stealth        | 2 3 |  3.1
Fighting       | 2 |  2.0

Action                     |  1- 3 |  4- 6 |  7- 9 || total
---------------------------+-------+-------+-------++-------
   Fire: Shortbow          |    66 |    93 |       ||   159
         Longbow           |       |    96 |    32 ||   128
    Use: Scroll            |       |    13 |       ||    13
 Armour: Leather armour    |     4 |     1 |       ||     5
         Robe              |       |    18 |    22 ||    40
  Dodge: Dodged            |    13 |    47 |    45 ||   105
